PAA
LANNISTER UNITED LIONHEARTS @ MERCER ISLAND SCREAMING EAGLES
09/12/2028
 
TOP OF THE 1ST
Lannister United Lionhearts batting - Pitching for Mercer Island Screaming Eagles : RHP Panda Montana
Pitching: RHP Panda Montana
Batting: RHB Rob Berry 0-0: Ball
1-0: Called Strike
1-1: Ball
2-1: Swinging Strike
2-2: Ball
3-2: DOUBLE (Line Drive, 78D)
Batting: RHB Breanainn Swartwood 0-0: Foul Ball, location: 2F
0-1: Called Strike
0-2: Ball
1-2: Strikes out looking
Batting: RHB Tabor de Maria 0-0: Called Strike
0-1: Ball
1-1: Ball
2-1: SINGLE (Flyball, 89S)
Rob Berry to third
Batting: LHB John O'Day 0-0: Ball
1-0: Fly out, F4 (Line Drive, 4)
Batting: LHB Colin Worthington 0-0: Called Strike
0-1: Foul Ball, location: 2F
0-2: Ball
1-2: Fielders Choice at 2nd, 4-6 (Groundball, 4)
Top of the 1st over - 0 run(s), 2 hit(s), 0 error(s), 1 left on base; Lannister United 0 - Mercer Island 0
BOTTOM OF THE 1ST
Mercer Island Screaming Eagles batting - Pitching for Lannister United Lionhearts : RHP Javier Mena
Pitching: RHP Javier Mena
Batting: RHB Francisco Agámez 0-0: Called Strike
0-1: Ground out 6-3 (Groundball, 6)
Batting: RHB Raúl Chávez 0-0: Called Strike
0-1: Foul Ball, location: 2F
0-2: Ball
1-2: Ground out 1-3 (Groundball, 15S)
Batting: LHB Ramiro Ramos 0-0: Called Strike
0-1: Called Strike
0-2: DOUBLE (Line Drive, 78XD)
Batting: RHB Wade Killefer 0-0: Ball
1-0: Ball
2-0: Foul Ball, location: 2F
2-1: SINGLE (Line Drive, 7S)
Ramiro Ramos to third
Batting: RHB Martinus Xhaka 0-0: Ball
1-0: Ground out 4-3 (Groundball, 34)
Bottom of the 1st over - 0 run(s), 2 hit(s), 0 error(s), 2 left on base; Lannister United 0 - Mercer Island 0
TOP OF THE 2ND
Lannister United Lionhearts batting - Pitching for Mercer Island Screaming Eagles : RHP Panda Montana
Batting: RHB Ron Morton 0-0: Ball
1-0: Called Strike
1-1: Ball
2-1: Ball
3-1: Swinging Strike
3-2: Ground out 1-3 (Groundball, 15)
Batting: RHB Howard Barton 0-0: Fly out, F5 (Popup, 5D)
Batting: LHB Sting Ray Robb 0-0: Fly out, F9 (Line Drive, 9)
Top of the 2nd over - 0 run(s), 0 hit(s), 0 error(s), 0 left on base; Lannister United 0 - Mercer Island 0
BOTTOM OF THE 2ND
Mercer Island Screaming Eagles batting - Pitching for Lannister United Lionhearts : RHP Javier Mena
Batting: LHB Jorge Pérez 0-0: Called Strike
0-1: Called Strike
0-2: DOUBLE (Line Drive, 9LD)
Batting: LHB Theo Fightmaster 0-0: Ball
1-0: Ball
2-0: Fly out, F8 (Flyball, 78D)
Batting: RHB Marcos Reyes 0-0: Called Strike
0-1: Ball
1-1: Foul Ball, location: 2F
1-2: Ball
2-2: Ground out 5-3 (Groundball, 5)
Batting: SHB Silas Floyd 0-0: Ball
1-0: Ball
2-0: Ball
3-0: Base on Balls
Batting: RHB Francisco Agámez 0-0: Called Strike
0-1: Ball
1-1: 3-RUN HOME RUN (Flyball, 78XD), Distance : 411 ft
Batting: RHB Raúl Chávez 0-0: Called Strike
0-1: Foul Ball, location: 2F
0-2: Strikes out looking
Bottom of the 2nd over - 3 run(s), 2 hit(s), 0 error(s), 0 left on base; Lannister United 0 - Mercer Island 3
TOP OF THE 3RD
Lannister United Lionhearts batting - Pitching for Mercer Island Screaming Eagles : RHP Panda Montana
Batting: RHB Andrés Escobar 0-0: Called Strike
0-1: Foul Ball, location: 2F
0-2: Ball
1-2: Ball
2-2: Ball
3-2: Strikes out looking
Batting: RHB Rob Berry 0-0: Called Strike
0-1: SINGLE (Groundball, 34) (infield hit)
Batting: RHB Breanainn Swartwood 0-0: Called Strike
0-1: Grounds into double play, 4-6-3 (Groundball, 4)
Top of the 3rd over - 0 run(s), 1 hit(s), 0 error(s), 0 left on base; Lannister United 0 - Mercer Island 3
BOTTOM OF THE 3RD
Mercer Island Screaming Eagles batting - Pitching for Lannister United Lionhearts : RHP Javier Mena
Batting: LHB Ramiro Ramos 0-0: Ball
1-0: Called Strike
1-1: Ball
2-1: Ball
3-1: Ground out 5-3 (Groundball, 5)
Batting: RHB Wade Killefer 0-0: SOLO HOME RUN (Flyball, 7D), Distance : 380 ft
Batting: RHB Martinus Xhaka 0-0: Ball
1-0: Foul Ball, location: 2F
1-1: Ball
2-1: Fly out, F7 (Flyball, 7D)
Batting: LHB Jorge Pérez 0-0: Ball
1-0: Ball
2-0: Ball
3-0: Base on Balls
Batting: LHB Theo Fightmaster 0-0: Called Strike
0-1: Called Strike
0-2: Foul Ball, location: 2F
0-2: Ball
1-2: Ball
2-2: Ball
3-2: Ground out 5-3 (Groundball, 25)
Bottom of the 3rd over - 1 run(s), 1 hit(s), 0 error(s), 1 left on base; Lannister United 0 - Mercer Island 4
TOP OF THE 4TH
Lannister United Lionhearts batting - Pitching for Mercer Island Screaming Eagles : RHP Panda Montana
Batting: RHB Tabor de Maria 0-0: Ball
1-0: Ball
2-0: Ball
3-0: Called Strike
3-1: Base on Balls
Batting: LHB John O'Day 0-0: Ball
1-0: Called Strike
1-1: Called Strike
1-2: Foul Ball, location: 2F
1-2: Grounds into double play, 4-6-3 (Groundball, 4)
Batting: LHB Colin Worthington 0-0: Swinging Strike
0-1: Ball
1-1: Foul Ball, location: 2F
1-2: Ball
2-2: Strikes out swinging, 2-3 out at first.
Top of the 4th over - 0 run(s), 0 hit(s), 0 error(s), 0 left on base; Lannister United 0 - Mercer Island 4
BOTTOM OF THE 4TH
Mercer Island Screaming Eagles batting - Pitching for Lannister United Lionhearts : RHP Javier Mena
Batting: RHB Marcos Reyes 0-0: Fly out, F5 (Line Drive, 56)
Batting: SHB Silas Floyd 0-0: Ball
1-0: Ball
2-0: Ball
3-0: Base on Balls
Batting: RHB Francisco Agámez 0-0: Ball
Silas Floyd steals 2nd base
1-0: Fly out, F6 (Popup, 6)
Batting: RHB Raúl Chávez 0-0: Called Strike
0-1: Called Strike
0-2: Fly out, F9 (Flyball, 9S)
Bottom of the 4th over - 0 run(s), 0 hit(s), 0 error(s), 1 left on base; Lannister United 0 - Mercer Island 4
TOP OF THE 5TH
Lannister United Lionhearts batting - Pitching for Mercer Island Screaming Eagles : RHP Panda Montana
Batting: RHB Ron Morton 0-0: Ball
1-0: Called Strike
1-1: Ball
2-1: Foul Ball, location: 2F
2-2: Foul Ball, location: 2F
2-2: Strikes out swinging
Batting: RHB Howard Barton 0-0: SINGLE (Line Drive, 9S)
Batting: LHB Sting Ray Robb 0-0: Fly out, F8 (Flyball, 8LM)
Batting: RHB Andrés Escobar 0-0: Ball
1-0: Ball
2-0: Foul Ball, location: 2F
2-1: Foul Ball, location: 2F
2-2: Foul Ball, location: 2F
2-2: Ball
3-2: Strikes out swinging
Top of the 5th over - 0 run(s), 1 hit(s), 0 error(s), 1 left on base; Lannister United 0 - Mercer Island 4
BOTTOM OF THE 5TH
Mercer Island Screaming Eagles batting - Pitching for Lannister United Lionhearts : RHP Javier Mena
Batting: LHB Ramiro Ramos 0-0: Ball
1-0: Foul Ball, location: 2F
1-1: Foul Ball, location: 2F
1-2: SINGLE (Groundball, 56D)
Batting: RHB Wade Killefer 0-0: Foul Ball, location: 2F
0-1: Called Strike
0-2: Ball
1-2: Ball
2-2: Foul Ball, location: 2F
2-2: Ball
3-2: Base on Balls
Ramiro Ramos to second
Batting: RHB Martinus Xhaka 0-0: Called Strike
0-1: Called Strike
0-2: Strikes out looking
Batting: LHB Jorge Pérez 0-0: Ball
1-0: SINGLE (Flyball, 78S)
Ramiro Ramos to third
Wade Killefer to second
Runner from 3rd tries for Home, SAFE, throw made home
Batting: LHB Theo Fightmaster 0-0: Foul Ball, location: 2F
0-1: Called Strike
0-2: SINGLE (Line Drive, 34)
Wade Killefer to third
Jorge Pérez to second
Runner from 3rd tries for Home, throw and OUT!
Jorge Pérez to third
Theo Fightmaster to second
Batting: RHB Marcos Reyes 0-0: Called Strike
0-1: Foul Ball, location: 2F
0-2: Ball
1-2: Reached on error, E5 (Groundball, 56)
Jorge Pérez scores
Theo Fightmaster scores
Pitching: LHP Tadeo Pico
Batting: SHB Silas Floyd 0-0: Ball
1-0: Ball
2-0: Swinging Strike
2-1: Called Strike
2-2: Strikes out looking
Bottom of the 5th over - 3 run(s), 3 hit(s), 1 error(s), 1 left on base; Lannister United 0 - Mercer Island 7
TOP OF THE 6TH
Lannister United Lionhearts batting - Pitching for Mercer Island Screaming Eagles : RHP Panda Montana
Batting: RHB Rob Berry 0-0: Called Strike
0-1: Ball
1-1: Ground out 5-3 (Groundball, 56)
Batting: RHB Breanainn Swartwood 0-0: Called Strike
0-1: Ball
1-1: Called Strike
1-2: Strikes out looking
Batting: RHB Tabor de Maria 0-0: Ball
1-0: DOUBLE (Line Drive, 8LD)
Batting: LHB John O'Day 0-0: Ball
1-0: Foul Ball, location: 2F
1-1: Ground out 6-3 (Groundball, 56D)
Top of the 6th over - 0 run(s), 1 hit(s), 0 error(s), 1 left on base; Lannister United 0 - Mercer Island 7
BOTTOM OF THE 6TH
Mercer Island Screaming Eagles batting - Pitching for Lannister United Lionhearts : LHP Tadeo Pico
Batting: RHB Francisco Agámez 0-0: Ball
1-0: Foul Ball, location: 2F
1-1: Ball
2-1: Foul Ball, location: 2F
2-2: Foul Ball, location: 2F
2-2: Strikes out looking
Batting: RHB Raúl Chávez 0-0: Fly out, F6 (Popup, 6D)
Batting: LHB Ramiro Ramos 0-0: Called Strike
0-1: Ball
1-1: Ball
2-1: Foul Ball, location: 2F
2-2: Foul Ball, location: 2F
2-2: Ball
3-2: Base on Balls
Batting: RHB Wade Killefer 0-0: Ball
1-0: SINGLE (Groundball, 6M) (infield hit)
Ramiro Ramos to second
Batting: RHB Martinus Xhaka 0-0: Ball
1-0: Ball
2-0: Called Strike
2-1: Fielders Choice at 2nd, 6-4 (Groundball, 6)
Bottom of the 6th over - 0 run(s), 1 hit(s), 0 error(s), 1 left on base; Lannister United 0 - Mercer Island 7
TOP OF THE 7TH
Lannister United Lionhearts batting - Pitching for Mercer Island Screaming Eagles : RHP Panda Montana
Batting: LHB Colin Worthington 0-0: Foul Ball, location: 2F
0-1: Hit by Pitch
Batting: RHB Ron Morton 0-0: Called Strike
0-1: Foul Ball, location: 2F
0-2: Ball
1-2: Ball
Colin Worthington steals 2nd base
2-2: Ball
3-2: Foul Ball, location: 2F
3-2: 2-RUN HOME RUN (Flyball, 89XD), Distance : 415 ft
Batting: RHB Howard Barton 0-0: Swinging Strike
0-1: Ground out 4-3 (Groundball, 4)
Batting: LHB Sting Ray Robb 0-0: Swinging Strike
0-1: Ball
1-1: Ball
2-1: Foul Ball, location: 2F
2-2: Strikes out swinging
Batting: RHB Andrés Escobar 0-0: Called Strike
0-1: Called Strike
0-2: Ground out 5-3 (Groundball, 56)
Top of the 7th over - 2 run(s), 1 hit(s), 0 error(s), 0 left on base; Lannister United 2 - Mercer Island 7
BOTTOM OF THE 7TH
Mercer Island Screaming Eagles batting - Pitching for Lannister United Lionhearts : LHP Tadeo Pico
Batting: LHB Jorge Pérez 0-0: Ball
1-0: Foul Ball, location: 2F
1-1: Called Strike
1-2: SINGLE (Groundball, 4D)
Batting: LHB Theo Fightmaster 0-0: Called Strike
0-1: Called Strike
0-2: Strikes out swinging
Batting: RHB Marcos Reyes 0-0: Foul Ball, location: 2F
0-1: Ball
1-1: Called Strike
1-2: Ball
2-2: Ball
3-2: Base on Balls
Jorge Pérez to second
Batting: SHB Silas Floyd 0-0: Ball
1-0: Foul Ball, location: 2F
1-1: Called Strike
1-2: Foul Ball, location: 2F
1-2: Ball
2-2: Grounds into double play, 5-4-3 (Groundball, 56)
Bottom of the 7th over - 0 run(s), 1 hit(s), 0 error(s), 1 left on base; Lannister United 2 - Mercer Island 7
TOP OF THE 8TH
Lannister United Lionhearts batting - Pitching for Mercer Island Screaming Eagles : RHP Panda Montana
Batting: RHB Rob Berry 0-0: Foul Ball, location: 2F
0-1: SOLO HOME RUN (Flyball, 7LD), Distance : 358 ft
Batting: RHB Breanainn Swartwood 0-0: Ball
1-0: Ball
2-0: Called Strike
2-1: Called Strike
2-2: Ground out 5-3 (Groundball, 5L)
Batting: RHB Tabor de Maria 0-0: SINGLE (Flyball, 89S)
Batting: LHB John O'Day 0-0: Called Strike
0-1: Swinging Strike
0-2: 2-RUN HOME RUN (Flyball, 9LD), Distance : 357 ft
Pitching: LHP Pete Rhue
Batting: LHB Colin Worthington 0-0: Ball
1-0: Ball
2-0: Ball
3-0: Called Strike
3-1: Foul Ball, location: 2F
3-2: Ground out 5-3 (Groundball, 5)
Batting: RHB Ron Morton 0-0: Foul Ball, location: 2F
0-1: TRIPLE (Flyball, 89XD)
Pitching: RHP Paris Nowlin
Batting: RHB Howard Barton 0-0: Ball
1-0: Foul Ball, location: 2F
1-1: Foul Ball, location: 2F
1-2: Strikes out looking
Top of the 8th over - 3 run(s), 4 hit(s), 0 error(s), 1 left on base; Lannister United 5 - Mercer Island 7
BOTTOM OF THE 8TH
Mercer Island Screaming Eagles batting - Pitching for Lannister United Lionhearts : LHP Tadeo Pico
Batting: RHB Francisco Agámez 0-0: Called Strike
0-1: Ball
1-1: Ball
2-1: Fly out, F7 (Flyball, 7)
Batting: RHB Raúl Chávez 0-0: Foul Ball, location: 2F
0-1: Swinging Strike
0-2: Strikes out swinging
Batting: LHB Ramiro Ramos 0-0: Ball
1-0: Ball
2-0: Swinging Strike
2-1: Ball
3-1: Foul Ball, location: 2F
3-2: Foul Ball, location: 2F
3-2: Base on Balls
Pitching: RHP Manuel Torres
Batting: RHB Wade Killefer 0-0: Ball
1-0: Swinging Strike
1-1: Foul Ball, location: 2F
1-2: Ground out 5-3 (Groundball, 56S)
Bottom of the 8th over - 0 run(s), 0 hit(s), 0 error(s), 1 left on base; Lannister United 5 - Mercer Island 7
TOP OF THE 9TH
Lannister United Lionhearts batting - Pitching for Mercer Island Screaming Eagles : RHP Paris Nowlin
Pitching: RHP Mark Deeds
Batting: LHB Sting Ray Robb 0-0: Ball
1-0: Ball
2-0: Ball
3-0: Called Strike
3-1: SINGLE (Groundball, 6S) (infield hit)
Pinch Hitting: RHB Miguel Uribe 0-0: Ball
1-0: Ball
2-0: Ball
3-0: Called Strike
3-1: Fly out, F9 (Flyball, 9LM)
Batting: RHB Rob Berry 0-0: Ball
1-0: Ball
2-0: Called Strike
2-1: DOUBLE (Line Drive, 89D)
Sting Ray Robb to third
Pinch Hitting: RHB Carlos Pacheco 0-0: Called Strike
0-1: Ball
1-1: Called Strike
1-2: Ball
2-2: Strikes out swinging
Pinch Hitting: RHB Sergio Peńa 0-0: Called Strike
0-1: Ball
1-1: Foul Ball, location: 2F
1-2: Ball
2-2: Ground out 5-3 (Groundball, 56S)
Top of the 9th over - 0 run(s), 2 hit(s), 0 error(s), 2 left on base; Lannister United 5 - Mercer Island 7
Tuesday, September 5th, 2017 - OOTP Baseball 17.12 Build 75